[Event "ICC tourney 2001 (30 10)"]
[Site "Internet Chess Club"]
[Date "2020.09.12"]
[Round "3"]
[White "tcao"]
[Black "HR2005"]
[Result "1-0"]
[ICCResult "Black resigns"]
[WhiteElo "1879"]
[BlackElo "2050"]
[Opening "Sicilian: Najdorf, Opocensky variation"]
[ECO "B92"]
[NIC "SI.10"]
[Time "15:02:37"]
[TimeControl "1800+10"]

1. e4 c5 2. Nf3 d6 3. d4 cxd4 4. Nxd4 Nf6 5. Nc3 a6 6. Be2 e5 7. Nb3 Be6 8.
O-O Nbd7 9. Be3 b5 10. a3 Rc8 11. a4 b4 12. Nd5 a5 13. Nxf6+ Nxf6 14. Ba6
Rb8 15. Bb5+ Bd7 16. Qd3 Be7 17. Bxd7+ Nxd7 18. c3 bxc3 19. Qxc3 Rb4 20.
Rfc1 O-O 21. Bd2 Bg5 22. Bxg5 Qxg5 23. Nxa5 Rxe4 24. Nc6 Nb6 25. a5 Nd5 26.
Qd3 Qxg2+ 27. Kxg2 Nf4+ 28. Kf3 {Black resigns} 1-0

[Event "ICC tourney 2001 (30 10)"]
[Site "Internet Chess Club"]
[Date "2020.09.12"]
[Round "3"]
[White "tactics321"]
[Black "Xuanli28"]
[Result "1-0"]
[ICCResult "Black resigns"]
[WhiteElo "2569"]
[BlackElo "2106"]
[Opening "King's Indian: Makagonov system (5.h3)"]
[ECO "E71"]
[NIC "KI.30"]
[Time "15:02:43"]
[TimeControl "1800+10"]

1. d4 Nf6 2. c4 g6 3. Nc3 Bg7 4. e4 d6 5. h3 O-O 6. Be3 Nbd7 7. g4 e5 8. d5
Nc5 9. Qc2 a5 10. O-O-O Ne8 11. g5 f5 12. h4 f4 13. Bxc5 dxc5 14. Bh3 Nd6
15. Qe2 a4 16. Bxc8 Nxc8 17. Nf3 a3 18. b3 Nd6 19. h5 Ra6 20. hxg6 hxg6 21.
Qf1 Qc8 22. Qg2 Kf7 23. Rh7 Qe8 24. Qh3 Rh8 25. Qe6+ Kf8 26. Nh4 Qxe6 27.
Rxh8+ Bxh8 28. dxe6 Kg7 29. Nd5 Rc6 30. Nf6 {Black resigns} 1-0

[Event "ICC tourney 2001 (30 10)"]
[Site "Internet Chess Club"]
[Date "2020.09.12"]
[Round "3"]
[White "smilingfloor"]
[Black "kingcaleb"]
[Result "0-1"]
[ICCResult "White checkmated"]
[WhiteElo "1936"]
[BlackElo "2112"]
[Opening "French: Tarrasch, closed variation, main line"]
[ECO "C06"]
[NIC "FR.17"]
[Time "15:01:50"]
[TimeControl "1800+10"]

1. e4 e6 2. d4 d5 3. Nd2 Nf6 4. e5 Nfd7 5. Bd3 c5 6. c3 Nc6 7. Ne2 cxd4 8.
cxd4 f6 9. exf6 Nxf6 10. Nf3 Bd6 11. Bf4 Bxf4 12. Nxf4 O-O 13. Ne2 Qd6 14.
O-O Nh5 15. h3 Rxf3 16. gxf3 Nf4 17. Ng3 Nxh3+ 18. Kg2 Nf4+ 19. Kh2 e5 20.
Rh1 Nxd4 21. Kg1 g6 22. Rc1 Bd7 23. Bf1 Rf8 24. Rc3 Nf5 25. Ne2 Nxe2+ 26.
Qxe2 Nd4 27. Qd1 Bc6 28. Bg2 Rf4 29. b3 Nf5 30. a4 d4 31. Rd3 Kg7 32. Rh3
Qf6 33. Kh2 Nh4 34. b4 Nxg2 35. Kxg2 e4 36. Ra3 exf3+ 37. Kg1 Qf5 38. Rg3 h5
39. Qd3 Qe6 40. Ra1 h4 41. Rg5 Rg4+ 42. Rxg4 Qxg4+ 43. Kf1 h3 44. Re1 Qg2#
{White checkmated}
0-1

[Event "ICC tourney 2001 (30 10)"]
[Site "Internet Chess Club"]
[Date "2020.09.12"]
[Round "3"]
[White "town"]
[Black "JunlinTheWorld"]
[Result "1-0"]
[ICCResult "Black forfeits on time"]
[WhiteElo "2159"]
[BlackElo "1909"]
[Opening "Sicilian: dragon, Yugoslav attack, 7...O-O"]
[ECO "B76"]
[NIC "SI.17"]
[Time "15:01:52"]
[TimeControl "1800+10"]

1. e4 c5 2. Nf3 d6 3. d4 cxd4 4. Nxd4 Nf6 5. Nc3 g6 6. Be3 Bg7 7. f3 O-O 8.
Qd2 d5 9. e5 Ne8 10. f4 Nc7 11. O-O-O Nc6 12. h4 Nxd4 13. Qxd4 Be6 14. Be2
Qd7 15. h5 b5 16. Rh4 a5 17. g4 f6 18. hxg6 hxg6 19. Qd3 f5 20. Nxb5 Rab8
21. Nd4 Rfd8 22. Rg1 Na8 23. gxf5 Bxf5 24. Nxf5 Qxf5 25. Rxg6 Qxd3 26. Bxd3
e6 27. Rxe6 Kf7 28. Rg6 {Black forfeits on time} 1-0

[Event "ICC tourney 2001 (30 10)"]
[Site "Internet Chess Club"]
[Date "2020.09.12"]
[Round "3"]
[White "NyzhnykIllia"]
[Black "tedchen"]
[Result "0-1"]
[ICCResult "White resigns"]
[WhiteElo "2729"]
[BlackElo "2325"]
[Opening "King's Indian: 5.Nf3"]
[ECO "E90"]
[NIC "KI.20"]
[Time "15:01:48"]
[TimeControl "1800+10"]

1. c4 Nf6 2. Nc3 g6 3. d4 Bg7 4. e4 d6 5. Nf3 O-O 6. h3 e5 7. dxe5 dxe5 8.
Qxd8 Rxd8 9. Bg5 Re8 10. Nd5 Nxd5 11. cxd5 c6 12. Bc4 cxd5 13. Bxd5 Nd7 14.
Rc1 h6 15. Bh4 g5 16. Bxg5 hxg5 17. Nxg5 Rf8 18. Ke2 Bh6 19. h4 Bxg5 20.
hxg5 Nb6 21. Bb3 Kg7 22. Rh6 Bd7 23. Rch1 Rh8 24. Rxh8 Rxh8 25. Rxh8 Kxh8
26. Bxf7 Kg7 27. Bh5 Na4 28. g3 Nxb2 29. f4 Nc4 30. f5 Nd6 31. f6+ Kf8 32.
Kf3 Bc6 33. Bg6 Be8 34. Bh7 Kf7 35. Kg4 b5 36. Kh5 a5 37. Kh6 b4 38. g4 a4
39. g6+ Kxf6 40. g5+ Ke7 41. Bg8 b3 42. axb3 a3 43. g7 Nf7+ {White resigns}
0-1

[Event "ICC tourney 2001 (30 10)"]
[Site "Internet Chess Club"]
[Date "2020.09.12"]
[Round "3"]
[White "IndianTerritory"]
[Black "rychessmaster1"]
[Result "1-0"]
[ICCResult "Black resigns"]
[WhiteElo "2024"]
[BlackElo "2177"]
[Opening "Giuoco Pianissimo"]
[ECO "C50"]
[NIC "IG.02"]
[Time "15:01:51"]
[TimeControl "1800+10"]

1. e4 e5 2. Nf3 Nc6 3. Bc4 Bc5 4. d3 d6 5. O-O Nf6 6. c3 a6 7. b4 Ba7 8.
Nbd2 O-O 9. a4 Re8 10. Ng5 Re7 11. Qb3 Qe8 12. Bb2 h6 13. Ngf3 Be6 14. Bxe6
Rxe6 15. d4 exd4 16. cxd4 Rxe4 17. Nxe4 Qxe4 18. Rfe1 Qd5 19. Ra3 a5 20. b5
Nb4 21. Qc3 Bb6 22. g3 Kf8 23. Nd2 Ng4 24. f3 Ne5 25. Re3 Re8 26. f4 Ned3
27. Rxd3 Re1+ 28. Nf1 Rxf1+ 29. Kxf1 Qh1+ 30. Ke2 Qxh2+ 31. Kf3 Nxd3 32.
Qxd3 Qxb2 33. Rc3 Qa1 34. d5 h5 35. Rc4 Qh1+ 36. Ke2 Qg2+ 37. Kd1 f6 38. f5
Qg1+ 39. Kd2 Qf2+ 40. Kc3 Bc5 41. Kb3 Ke8 42. Re4+ Kd8 43. Qe2 Qxg3+ 44. Kc4
Qe5 45. Rxe5 fxe5 46. Qxh5 Ke7 47. Qg5+ Kf7 48. Qg6+ Kf8 49. Qe6 Bb6 50. Kd3
Bc5 51. Ke4 b6 52. f6 gxf6 53. Kf5 {Black resigns} 1-0

[Event "ICC tourney 2001 (30 10)"]
[Site "Internet Chess Club"]
[Date "2020.09.12"]
[Round "3"]
[White "Singireddy"]
[Black "coolsportsguy"]
[Result "1-0"]
[ICCResult "Black checkmated"]
[WhiteElo "2077"]
[BlackElo "2256"]
[Opening "French defense, Steiner variation"]
[ECO "C00"]
[NIC "FR.01"]
[Time "15:02:02"]
[TimeControl "1800+10"]

1. e4 e6 2. c4 d5 3. cxd5 exd5 4. exd5 Nf6 5. Nc3 Be7 6. Bc4 O-O 7. Nf3 Nbd7
8. Bb3 Nb6 9. d4 Nbxd5 10. O-O c6 11. Re1 h6 12. Ne5 Be6 13. a3 Re8 14. Bc2
Bf8 15. Qd3 Nxc3 16. bxc3 Rc8 17. g4 Bxg4 18. Bxh6 gxh6 19. Nxg4 Rxe1+ 20.
Rxe1 Bg7 21. Ne5 Qd6 22. Bb3 Rc7 23. Qg6 Qf8 24. Qg3 Re7 25. Kh1 Nd7 26. f4
Nf6 27. Rg1 Nd5 28. Bxd5 cxd5 29. f5 Kh8 30. Qh4 Rxe5 31. dxe5 Bxe5 32. f6
Bxc3 33. Rg7 Bd2 34. Qg3 Qe8 35. Rh7+ Kxh7 36. Qg7# {Black checkmated} 1-0

[Event "ICC tourney 2001 (30 10)"]
[Site "Internet Chess Club"]
[Date "2020.09.12"]
[Round "3"]
[White "Openyagami"]
[Black "helavir"]
[Result "1-0"]
[ICCResult "Black resigns"]
[WhiteElo "2654"]
[BlackElo "2628"]
[Opening "QGD Slav: 4.e3"]
[ECO "D11"]
[NIC "EO.64"]
[Time "15:02:09"]
[TimeControl "1800+10"]

1. c4 c6 2. Nf3 d5 3. e3 Nf6 4. d4 a6 5. Bd3 Bg4 6. Qb3 Bxf3 7. Qxb7 Bxg2 8.
Rg1 dxc4 9. Qxa8 cxd3 10. Rxg2 Qc7 11. Nc3 e6 12. Bd2 Bb4 13. Rxg7 Nd7 14.
Na4 Qa5 15. Nc3 Qc7 16. Na4 Qa5 17. Nc3 Kf8 18. Rg3 Qc7 19. Na4 Qa5 20. Nc3
Qc7 21. Na4 Bxd2+ 22. Kxd2 Qa5+ 23. Nc3 Qb6 24. b4 Ke7 25. a4 Nf6 26. b5
cxb5 27. axb5 Rc8 28. Rxa6 Nxa6 29. Qxc8 Nc7 30. Rg5 Qa5 31. Kxd3 Nfd5 32.
Nxd5+ Nxd5 33. Qc5+ Kf6 34. Rxd5 exd5 35. Qxd5 Qe1 36. Qe5+ Kg6 37. Kc4 Qxf2
38. Qg3+ {Black resigns} 1-0

[Event "ICC tourney 2001 (30 10)"]
[Site "Internet Chess Club"]
[Date "2020.09.12"]
[Round "3"]
[White "jy2020"]
[Black "musk6868"]
[Result "0-1"]
[ICCResult "White checkmated"]
[WhiteElo "2218"]
[BlackElo "2065"]
[Opening "Sicilian: accelerated fianchetto, Maróczy bind"]
[ECO "B36"]
[NIC "SI.33"]
[Time "15:01:48"]
[TimeControl "1800+10"]

1. e4 c5 2. Nf3 Nc6 3. d4 cxd4 4. Nxd4 g6 5. c4 Nf6 6. Nc3 d6 7. Be2 Nxd4 8.
Qxd4 Bg7 9. Be3 O-O 10. Qd2 Qa5 11. f3 Be6 12. O-O Rfc8 13. b3 a6 14. a4 Qb4
15. Rab1 Bd7 16. Rfc1 Bc6 17. Bf1 e6 18. Rc2 Rd8 19. Qc1 d5 20. Na2 Qe7 21.
Bb6 dxe4 22. Bxd8 Qc5+ 23. Kh1 Rxd8 24. Be2 exf3 25. Bxf3 Bxf3 26. gxf3 Qf5
27. Kg2 Bh6 28. Qb2 Rd3 29. Rf1 Bf4 30. Nc1 Be5 31. Qa2 Rd8 32. Ne2 Qg5+ 33.
Kh1 Qe3 34. Ng3 Qd3 35. Kg2 h5 36. Rff2 Bc3 37. Rce2 h4 38. Ne4 Nh5 39. Nxc3
Nf4+ 40. Kf1 Qxc3 41. Qc2 Qxc2 42. Rxc2 Rd1# {White checkmated} 0-1

[Event "ICC tourney 2001 (30 10)"]
[Site "Internet Chess Club"]
[Date "2020.09.12"]
[Round "3"]
[White "cooljay"]
[Black "Chessking2008"]
[Result "0-1"]
[ICCResult "White checkmated"]
[WhiteElo "2047"]
[BlackElo "2161"]
[Opening "Sicilian: dragon, Yugoslav attack, Rauser variation"]
[ECO "B76"]
[NIC "SI.17"]
[Time "15:01:49"]
[TimeControl "1800+10"]

1. e4 c5 2. Nf3 d6 3. d4 cxd4 4. Nxd4 Nf6 5. Nc3 g6 6. Be3 Bg7 7. f3 O-O 8.
Qd2 Nc6 9. O-O-O d5 10. Qe1 e5 11. Nxc6 bxc6 12. exd5 Nxd5 13. Bc4 Be6 14.
Ne4 Re8 15. g4 Qc7 16. Bc5 Nf4 17. Qc3 Bd5 18. h4 Rad8 19. h5 gxh5 20. gxh5
f5 21. Ng3 Qf7 22. Bb3 h6 23. Rhg1 Kh8 24. Kb1 Ne6 25. Bf2 e4 26. Qa5 e3 27.
Be1 f4 28. Ne4 Qxh5 29. Bc3 Qxf3 30. Bxg7+ Nxg7 31. Qxa7 Qxd1+ 32. Rxd1 Bxe4
33. Rg1 Bg2 34. Bc4 f3 35. b3 e2 36. Bxe2 fxe2 37. Kb2 e1=Q 38. Rxe1 Rxe1
39. Qf2 Re6 40. Qxg2 h5 41. a4 Rd5 42. Qh3 Kh7 43. c4 Rd2+ 44. Ka3 c5 45.
Qh4 Ree2 46. b4 Rd3# {White checkmated} 0-1

[Event "ICC tourney 2001 (30 10)"]
[Site "Internet Chess Club"]
[Date "2020.09.12"]
[Round "3"]
[White "MrNormalName"]
[Black "drberkley"]
[Result "1-0"]
[ICCResult "Black resigns"]
[WhiteElo "2197"]
[BlackElo "1909"]
[Opening "King's Indian: orthodox, Aronin-Taimanov, 9.Ne1"]
[ECO "E98"]
[NIC "KI.03"]
[Time "15:02:44"]
[TimeControl "1800+10"]

1. d4 Nf6 2. c4 g6 3. Nc3 Bg7 4. e4 d6 5. Nf3 O-O 6. Be2 e5 7. O-O Nc6 8. d5
Ne7 9. Ne1 Nd7 10. Be3 f5 11. f3 f4 12. Bf2 g5 13. a4 h5 14. a5 Nf6 15. c5
Ng6 16. cxd6 cxd6 17. h3 Rf7 18. Qc2 g4 19. hxg4 hxg4 20. fxg4 Bxg4 21. b4
Bf8 22. Rc1 Rh7 23. Bxg4 Nxg4 24. Nf3 Qf6 25. Rfe1 Ne7 26. Kf1 Ne3+ 27. Bxe3
fxe3 28. Nd1 Bh6 29. Nxe3 Bxe3 30. Rxe3 Rc8 31. Rc3 Rxc3 32. Qxc3 Qf4 33.
Re1 Qg3 34. Kg1 Rg7 35. Re2 Ng6 36. Qc8+ Kh7 37. Qf5 Kh6 38. Qf6 Qf4 39.
Qxf4+ Nxf4 40. Rc2 Nd3 41. Nh4 Kg5 42. Nf5 Rd7 43. Rc4 Nb2 44. Rc3 Kf4 45.
Re3 Nc4 46. g3+ Kg4 47. Rd3 b5 48. Kf2 Rh7 49. Kg2 Rd7 50. Rc3 Rh7 51. Rc1
Rc7 52. Rh1 Kg5 53. Rh8 Rd7 54. Rg8+ Kf6 55. g4 Nd2 56. g5+ Kf7 57. Nh6+ Ke7
58. Rg7+ Kd8 59. Rxd7+ Kxd7 60. g6 Nxe4 61. g7 Nf6 62. g8=Q Nxg8 63. Nxg8
Ke8 64. Nf6+ Ke7 65. Ne4 Kd7 66. Kf3 Kc7 67. Kg4 Kd7 68. Kf5 Ke7 69. Kg6 a6
70. Kg7 Kd7 71. Kf7 Kc7 72. Ke7 {Black resigns} 1-0

[Event "ICC tourney 2001 (30 10)"]
[Site "Internet Chess Club"]
[Date "2020.09.12"]
[Round "4"]
[White "Baseballchamp"]
[Black "smilingfloor"]
[Result "1-0"]
[ICCResult "Black checkmated"]
[WhiteElo "2080"]
[BlackElo "1935"]
[Opening "Sicilian: Alapin's variation (2.c3)"]
[ECO "B22"]
[NIC "SI.46"]
[Time "17:01:21"]
[TimeControl "1800+10"]

1. e4 c5 2. c3 Nf6 3. e5 Nd5 4. Nf3 d6 5. Bc4 Nb6 6. Bb3 e6 7. O-O Be7 8.
Re1 O-O 9. Qe2 Nc6 10. d4 dxe5 11. dxe5 Qc7 12. Bf4 Nd5 13. Bg3 Qd8 14. Bc2
b6 15. Nbd2 Bb7 16. Rad1 Qc7 17. Ne4 Rfd8 18. a3 Bf8 19. c4 Nde7 20. Nf6+
gxf6 21. exf6 Qc8 22. fxe7 Nxe7 23. Ng5 h6 24. Qh5 Ng6 25. Bxg6 fxg6 26.
Qxg6+ Bg7 27. Rxd8+ Qxd8 28. Qh7+ Kf8 29. Nxe6+ Kf7 30. Qxg7+ Ke8 31. Nc7#
{Black checkmated}
1-0

[Event "ICC tourney 2001 (30 10)"]
[Site "Internet Chess Club"]
[Date "2020.09.12"]
[Round "4"]
[White "helavir"]
[Black "IndianTerritory"]
[Result "1-0"]
[ICCResult "Black resigns"]
[WhiteElo "2642"]
[BlackElo "1999"]
[Opening "Caro-Kann: advance variation"]
[ECO "B12"]
[NIC "CK.04"]
[Time "17:02:00"]
[TimeControl "1800+10"]

1. e4 c6 2. d4 d5 3. e5 Bf5 4. Nf3 e6 5. Be2 Nd7 6. O-O Ne7 7. Nbd2 c5 8.
dxc5 Ng6 9. Nd4 Bxc5 10. Nxf5 exf5 11. Nb3 Qc7 12. Qxd5 Ne7 13. Qc4 Qxe5 14.
Bf4 Qe4 15. Nxc5 Qxc4 16. Bxc4 Nxc5 17. Rfe1 Ne6 18. Bxe6 fxe6 19. Rxe6 Kf7
20. Re5 Ng6 21. Rxf5+ Ke6 22. g4 Rhf8 23. Re1+ Kd7 24. Rd5+ Kc6 25. Rd6+ Kb5
26. Bg3 Rad8 27. Red1 Rxd6 28. Rxd6 Re8 29. Rd7 Re7 30. Rxe7 Nxe7 31. Kf1
Nd5 32. a3 Nf6 33. f3 Nd5 34. Ke2 Kc4 35. Be5 g6 36. b3+ Kc5 37. Kd3 b5 38.
Bd4+ Kc6 39. Bxa7 Nf4+ 40. Ke4 Nh3 41. Be3 Kd6 42. f4 g5 43. fxg5 Ke6 44. a4
bxa4 45. bxa4 {Black resigns} 1-0

[Event "ICC tourney 2001 (30 10)"]
[Site "Internet Chess Club"]
[Date "2020.09.12"]
[Round "4"]
[White "TjkTiger"]
[Black "Singireddy"]
[Result "1/2-1/2"]
[ICCResult "Game drawn by mutual agreement"]
[WhiteElo "2596"]
[BlackElo "2087"]
[Opening "English: four knights, Nimzovich variation"]
[ECO "A28"]
[NIC "EO.09"]
[Time "17:02:11"]
[TimeControl "1800+10"]

1. c4 Nf6 2. Nc3 e5 3. Nf3 Nc6 4. e4 Bb4 5. d3 O-O 6. a3 Bxc3+ 7. bxc3 h6 8.
g3 d6 9. Bg2 a6 10. a4 Bd7 11. O-O b6 12. h3 Na5
{Game drawn by mutual agreement}
1/2-1/2

[Event "ICC tourney 2001 (30 10)"]
[Site "Internet Chess Club"]
[Date "2020.09.12"]
[Round "4"]
[White "rychessmaster1"]
[Black "gsmenon"]
[Result "1-0"]
[ICCResult "Black checkmated"]
[WhiteElo "2202"]
[BlackElo "1945"]
[Opening "Queen's pawn: Chigorin variation"]
[ECO "D00"]
[NIC "QP.08"]
[Time "17:01:23"]
[TimeControl "1800+10"]

1. d4 d5 2. Nc3 Nf6 3. Bf4 c5 4. e3 Nc6 5. Nb5 e5 6. dxe5 Ne4 7. Qxd5 Qa5+
8. c3 Bf5 9. Bc4 Bg6 10. e6 Bd6 11. exf7+ Ke7 12. Bxd6+ Kd8 13. Bc7+ Ke7 14.
Qe6+ Kf8 15. Bxa5 Nxa5 16. Bd5 Rd8 17. Nc7 Nc6 18. Bxe4 Bxe4 19. Qe8+ Rxe8
20. fxe8=Q# {Black checkmated} 1-0

[Event "ICC tourney 2001 (30 10)"]
[Site "Internet Chess Club"]
[Date "2020.09.12"]
[Round "4"]
[White "coolsportsguy"]
[Black "cooljay"]
[Result "1-0"]
[ICCResult "Black resigns"]
[WhiteElo "2412"]
[BlackElo "2058"]
[Opening "Queen's pawn: London system"]
[ECO "A45"]
[NIC "QP.07"]
[Time "17:01:49"]
[TimeControl "1800+10"]

1. d4 Nf6 2. Bf4 g6 3. Nc3 d5 4. e3 Bg7 5. h4 h5 6. Nf3 O-O 7. Ne5 Bf5 8.
Be2 Nbd7 9. g4 Nxe5 10. gxf5 Neg4 11. Qd3 Kh7 12. Rg1 Qe8 13. Bxc7 e6 14.
fxg6+ fxg6 15. Rg2 a6 16. O-O-O Bh6 17. Rdg1 Qc6 18. Bf4 Bxf4 19. exf4 Qc7
20. f3 Qxf4+ 21. Kb1 Qf5 22. fxg4 {Black resigns} 1-0

[Event "ICC tourney 2001 (30 10)"]
[Site "Internet Chess Club"]
[Date "2020.09.12"]
[Round "4"]
[White "HR2005"]
[Black "jy2020"]
[Result "0-1"]
[ICCResult "White resigns"]
[WhiteElo "2066"]
[BlackElo "2251"]
[Opening "Sicilian: Najdorf, Adams attack"]
[ECO "B90"]
[NIC "SI.14"]
[Time "17:01:15"]
[TimeControl "1800+10"]

1. e4 c5 2. Nf3 d6 3. d4 cxd4 4. Nxd4 Nf6 5. Nc3 a6 6. h3 e5 7. Nde2 h5 8.
Bg5 Be6 9. g3 b5 10. Bg2 Nbd7 11. O-O Be7 12. f4 Rc8 13. a3 Qc7 14. b3 Nb6
15. Qd3 O-O 16. Kh2 Rfd8 17. f5 Bd7 18. Rac1 Bc6 19. Bxf6 Bxf6 20. Qf3 d5
21. Qxh5 d4 22. Nd1 Qe7 23. Nf2 Bg5 24. Ra1 f6 25. h4 Be3 26. Qf3 Be8 27.
Ra2 Bf7 28. Ng4 Bd2 29. Rd1 Bc3 30. Nf2 a5 31. Rd3 Be1 32. Nc1 a4 33. Rd1
Bc3 34. Bf1 axb3 35. cxb3 b4 36. a4 Nd7 37. Nfd3 Nb8 38. Rg2 Nc6 39. g4 g5
40. fxg6 Bxg6 41. h5 Bh7 42. Nf2 Kh8 43. Bc4 Bg8 44. Be2 Be6 45. Bd3 Rg8 46.
Bc2 Na5 47. Rf1 Bd2 48. Qd1 Bf4+ 49. Kg1 Bxc1 50. Qxc1 Kh7 51. Qd1 Rc3 52.
Qe2 Nxb3 53. Bxb3 Bxb3 54. g5 Rxg5 55. Rxg5 fxg5 56. Ng4 Bc4 57. Qf2 Bxf1
58. Qf5+ Kh8 59. Nxe5 Bh3 60. Ng6+ Kg7 61. Nxe7 Bxf5 62. Nxf5+ Kh7 63. Kf2
b3 64. Nxd4 b2 {White resigns} 0-1

[Event "ICC tourney 2001 (30 10)"]
[Site "Internet Chess Club"]
[Date "2020.09.12"]
[Round "4"]
[White "Xuanli28"]
[Black "MrNormalName"]
[Result "1/2-1/2"]
[ICCResult "Game drawn by mutual agreement"]
[WhiteElo "2112"]
[BlackElo "2188"]
[Opening "Giuoco Piano"]
[ECO "C54"]
[NIC "IG.02"]
[Time "17:02:11"]
[TimeControl "1800+10"]

1. e4 e5 2. Nf3 Nc6 3. Bc4 Bc5 4. c3 Nf6 5. d3 a6 6. a4 O-O 7. O-O h6 8.
Nbd2 d6 9. h3 Be6 10. Bxe6 fxe6 11. Qb3 Qd7 12. Re1 Nh5 13. Nf1 Qf7 14. N1h2
Rab8 15. Be3 Bxe3 16. fxe3 Qg6 17. Rf1 Kh7 18. Rf2 a5 19. g4 Nf6 20. Qxe6
Rbe8 21. Qf5 Ne7 22. Qxg6+ Nxg6 23. Nd2 b6 24. Raf1 Nh4 25. Ndf3 Nxf3+ 26.
Nxf3 Nd7 27. Kg2 Nc5 28. Ng5+ Kg8 29. Rxf8+ Rxf8 30. Nf3 Nxd3 31. b3 Nc5 32.
Nd2 Rxf1 33. Kxf1 Kf7 34. Ke2 Kf6 35. Kf3 Ke6 36. h4 g5 37. hxg5 hxg5 38.
Ke2 d5 39. exd5+ Kxd5 40. c4+ Ke6 41. e4 Kd6 42. Ke3 Ne6 43. Nf3 c6 44. Nd2
Nd4 45. Kd3 Kc5 46. Kc3 Ne2+ 47. Kd3 Nd4 48. Kc3 b5 49. cxb5 cxb5 50. axb5
Nxb5+ 51. Kd3 {Game drawn by mutual agreement} 1/2-1/2

[Event "ICC tourney 2001 (30 10)"]
[Site "Internet Chess Club"]
[Date "2020.09.12"]
[Round "4"]
[White "tactics321"]
[Black "espark"]
[Result "1-0"]
[ICCResult "Black checkmated"]
[WhiteElo "2573"]
[BlackElo "2299"]
[Opening "English opening: Agincourt variation"]
[ECO "A13"]
[NIC "EO.64"]
[Time "17:02:11"]
[TimeControl "1800+10"]

1. c4 e6 2. Nf3 d5 3. e3 Nf6 4. b3 Be7 5. Bb2 O-O 6. Nc3 c5 7. cxd5 exd5 8.
d4 Nc6 9. Be2 Be6 10. O-O Rc8 11. dxc5 Bxc5 12. Rc1 Qe7 13. Bb5 Bd6 14. Ne2
a6 15. Bd3 Ne4 16. Nf4 Rfd8 17. Nd4 Nxd4 18. Bxd4 Rxc1 19. Qxc1 Rc8 20. Qa1
f6 21. Rc1 Rxc1+ 22. Qxc1 Be5 23. Bxe5 fxe5 24. Nxd5 Bxd5 25. Bxe4 Bxe4 26.
Qc4+ Kf8 27. Qxe4 Qc7 28. h4 g6 29. g4 Kg7 30. g5 b5 31. Kg2 Qd6 32. b4 Qe6
33. a3 Qd6 34. f4 exf4 35. Qd4+ Qxd4 36. exd4 Kf7 37. Kf3 Ke6 38. Kxf4 Kd5
39. Ke3 Kc4 40. Ke4 Kb3 41. d5 Kxa3 42. d6 Kxb4 43. d7 a5 44. d8=Q a4 45.
Kd3 Ka3 46. Qd6+ Kb3 47. Qc5 b4 48. Qc4+ Ka3 49. Kc2 b3+ 50. Kb1 b2 51. Qc3#
{Black checkmated}
1-0

[Event "ICC tourney 2001 (30 10)"]
[Site "Internet Chess Club"]
[Date "2020.09.12"]
[Round "4"]
[White "drberkley"]
[Black "town"]
[Result "0-1"]
[ICCResult "White resigns"]
[WhiteElo "1908"]
[BlackElo "2159"]
[Opening "Sicilian: Grand Prix attack"]
[ECO "B23"]
[NIC "SI.44"]
[Time "17:01:15"]
[TimeControl "1800+10"]

1. e4 c5 2. Nc3 Nc6 3. f4 g6 4. Nf3 Bg7 5. Bb5 Nd4 6. O-O a6 7. Bc4 e6 8. d3
Ne7 9. a4 d5 10. Ba2 O-O 11. Nxd4 cxd4 12. Ne2 dxe4 13. dxe4 Nc6 14. Ng3 Qb6
15. Kh1 Bd7 16. Bc4 Rac8 17. Bd2 Na5 18. Bd3 Nc4 19. Bxc4 Rxc4 20. b3 Rc6
21. e5 f5 22. Be1 Rfc8 23. Rc1 Qc7 24. Qxd4 Be8 25. c3 Qb6 26. Rb1 Qxd4 27.
cxd4 Rc2 28. Bb4 Bc6 29. Rg1 Bh6 30. Rbf1 Rb2 31. Bc5 Rxb3 32. a5 Rb2 33. h3
Bd5 34. Kh2 Ra2 35. Ra1 Rxa1 36. Rxa1 Bxf4 37. Ra3 Bxe5 38. Kg1 Kf7 39. Ne2
g5 40. Rc3 Bf6 41. Kf2 f4 42. Ra3 e5 43. Bb6 e4 44. Nc3 Be7 45. Bc5 Bxc5 46.
dxc5 Rxc5 {White resigns} 0-1

[Event "ICC tourney 2001 (30 10)"]
[Site "Internet Chess Club"]
[Date "2020.09.12"]
[Round "4"]
[White "tcao"]
[Black "kingcaleb"]
[Result "0-1"]
[ICCResult "White forfeits on time"]
[WhiteElo "1848"]
[BlackElo "2109"]
[Opening "French: advance variation"]
[ECO "C02"]
[NIC "FR.03"]
[Time "17:01:27"]
[TimeControl "1800+10"]

1. e4 e6 2. d4 d5 3. e5 c5 4. c3 Nc6 5. Be2 Qb6 6. Nf3 cxd4 7. cxd4 Nh6 8.
Bxh6 Qxb2 9. Nbd2 gxh6 10. Rb1 Qa3 11. Kf1 Bg7 12. h4 Qe7 13. Rh3 f6 14.
exf6 Qxf6 15. Rg3 O-O 16. Nb3 b6 17. Rc1 Bd7 18. Bb5 Ne5 19. Bxd7 Nxd7 20.
Rc7 Rad8 21. Nc1 Qf4 22. Qc2 Rf7 23. Nd3 Qf5 24. Rxa7 Kh8 25. Rc7 Rdf8 26.
Kg1 e5 27. Nfxe5 Nxe5 28. dxe5 h5 29. Rxf7 Qxf7 30. Qc6 d4 31. Qxb6 Qd7
{White forfeits on time}
0-1

[Event "ICC tourney 2001 (30 10)"]
[Site "Internet Chess Club"]
[Date "2020.09.12"]
[Round "4"]
[White "tedchen"]
[Black "Openyagami"]
[Result "1/2-1/2"]
[ICCResult "Game drawn because neither player has mating material"]
[WhiteElo "2305"]
[BlackElo "2613"]
[Opening "King's Indian: Kazakh variation"]
[ECO "E91"]
[NIC "KI.19"]
[Time "17:01:17"]
[TimeControl "1800+10"]

1. d4 Nf6 2. c4 g6 3. Nc3 Bg7 4. e4 O-O 5. Nf3 d6 6. Be2 Na6 7. O-O e5 8. d5
Nc5 9. Qc2 a5 10. Bg5 h6 11. Bh4 Bd7 12. Nd2 Qe8 13. b3 g5 14. Bg3 h5 15. f3
h4 16. Bf2 Nh5 17. a3 Nf4 18. Rfb1 f5 19. Bf1 Qh5 20. b4 axb4 21. axb4 Na6
22. Ra2 g4 23. c5 g3 24. hxg3 hxg3 25. Bxg3 Qg5 26. Bh2 dxc5 27. bxc5 Nxc5
28. Rxa8 Rxa8 29. exf5 Nh3+ 30. Kh1 Nf2+ 31. Kg1 Bxf5 32. Nde4 Nfxe4 33.
fxe4 Nxe4 34. Nxe4 Qe3+ 35. Qf2 Qxf2+ 36. Kxf2 Bxe4 37. Rxb7 Ra2+ 38. Ke3
Bxg2 39. Bxg2 Rxg2 40. Rxc7 Rxh2 41. d6 Rh3+ 42. Ke4 Rh4+ 43. Kf5 Rd4 44. d7
Kh7 45. Ke6 Kg6 46. Rc8 Bf6 47. Rf8 Bg5 48. Rg8+ Kh6 49. Kf5 Be7 50. Ke6 Kh7
51. Rc8 Bh4 52. Rc5 Kg6 53. Rxe5 Bf6 54. Rd5 Re4+ 55. Kd6 Be7+ 56. Kc7 Rc4+
57. Kb7 Bd8 58. Rd6+ Kf7 59. Rc6 Rd4 60. Kc8 Ke7 61. Rc3 Re4 62. Rc2 Ba5 63.
Rc1 Rd4 64. Rc5 Bd8 65. Re5+ Kd6 66. Re1 Bh4 67. d8=Q+ Bxd8 68. Kxd8 Ra4 69.
Rd1+ Kc5 70. Rc1+ Rc4 71. Rxc4+ Kxc4
{Game drawn because neither player has mating material}
1/2-1/2

[Event "ICC tourney 2001 (30 10)"]
[Site "Internet Chess Club"]
[Date "2020.09.12"]
[Round "4"]
[White "Chessking2008"]
[Black "musk6868"]
[Result "0-1"]
[ICCResult "White resigns"]
[WhiteElo "2128"]
[BlackElo "2062"]
[Opening "Sicilian: accelerated fianchetto, Maróczy bind"]
[ECO "B36"]
[NIC "EO.64"]
[Time "17:01:41"]
[TimeControl "1800+10"]

1. c4 c5 2. Nf3 Nc6 3. e4 g6 4. d4 cxd4 5. Nxd4 Nf6 6. Nc3 d6 7. Be2 Nxd4 8.
Qxd4 Bg7 9. Be3 O-O 10. Qd2 Be6 11. O-O Qa5 12. Rfd1 Rfc8 13. Rac1 Bxc4 14.
Nd5 Qxd2 15. Nxe7+ Kf8 16. Rxd2 Re8 17. Bxc4 Rxe7 18. f3 Rc8 19. Rdc2 Rec7
20. Bxa7 Bh6 21. Rd1 Rxc4 22. Rxc4 Rxc4 23. Rxd6 Ke7 24. Rd1 Nd7 25. Bf2 Rc2
26. Bd4 Ke6 27. Rd3 Rd2 28. Rxd2 Bxd2 29. Kf2 Bf4 30. b3 Bd6 31. h3 Bc5 32.
Ke3 g5 33. Bxc5 Nxc5 34. g3 Ke5 35. f4+ gxf4+ 36. gxf4+ Kd6 37. b4 Na6 38.
a3 Nc7 39. Kd3 b5 40. h4 f6 41. Ke3 Ne6 42. h5 h6 43. Kf3 Nd4+ 44. Ke3 Nc2+
45. Kd3 Nxa3 46. Kc3 Nc4 47. Kd4 Na3 48. Kc3 Kc6 49. Kb3 Nc4 50. Kc3 Nd6 51.
Kd4 Nf7 52. Ke3 Kd6 53. Kd4 Nd8 54. e5+ fxe5+ 55. fxe5+ Kc6 56. Ke4 Ne6 57.
Kf5 Kd5 58. Kg6 Kxe5 59. Kxh6 Nf4 60. Kg5 Nxh5 61. Kxh5 Kd4 62. Kg5 Kc4 63.
Kf4 Kxb4 64. Ke3 Kc3 {White resigns} 0-1